Construct Infanterie Kompanie
Construct Luftwaffe Kompanie
Flak 30 Anti-aircraft Gun Team
Flak 30 Anti-aircraft Gun Team
Selects Italian Coastal Battlegroup
Selects Designate Defensive Line
Selects Rapid Fortifications
Luftwaffe Officer Quarters
Selects Artillery Officer
Selects Obice da 210/22 Artillery Emplacement
Marder III M Tank Destroyer
Marder III M Tank Destroyer
Selects Call the Reserves!
Marder III M Tank Destroyer